Unix NetHack Version 3.7.0-66 Work-in-progress - last build Dec 5 2022 03:26:57 (dbea811729ade750c4c0c7f8ab6145c62533a6e7,branch:master). Game began 2022-12-20 23:59:36, ended 2022-12-21 01:14:38. Kontroller, lawful male human Knight ----- --- ------ |... . ..... |...----- -----.---- -...| |...|(((| |%%.-.|..| |...|## ------- |...|(((| |]% |.-..| @ |...|### ..*..| |...|...--------.---| ..|....# # |.....| |...-|---...........--+---|-...|# # |....>| |..............................|###%# #......| |........{.----|--.{...........|# # # ###-.--|-- |..........| ...|.............|# # ### # |...--+--..| ...|....-|---....|# #### ## |...| -|-- ._..|.-|-|...----.| ## # |...| |. .....|.|..|(((| +.| ### # # |...| |..|------.|..|!((| |.- ## --.-.--- |...--------.......-----------.| |......| |..............................| #.......| -------------------------------- |......| ...<...| -------- Kontroller the Bachelor St:16 Dx:11 Co:13 In:13 Wi:15 Ch:17 Lawful S:5466 Dlvl:6 $:0 HP:0(49) Pw:44(44) AC:3 Xp:7/1274 T:4472 Burdened Blind Latest messages: You try to feel what is lying here on the floor. You feel here a gnomish wizard corpse. It bites! You feel an unseen monster! It bites! It just misses! It misses! It misses! What do you want to eat? [ghoqxEM or ?*] M This carrot is delicious! You can see again. The lizard bites! The raven bites! The raven blinds you! It bites! It misses! You try to feel what is lying here on the floor. You feel here a gnomish wizard corpse. It bites! It bites! It misses! It misses! It bites! It bites! You feel a bit steadier now. It misses! "Salutations, Kontroller! Welcome to Akureyri's general store!" "Will you please leave your pick-axe outside?" What do you want to throw? [$psCF or ?*] k In what direction? j It bites! You feel an unseen monster! It misses! It just misses! You feel an unseen monster! It bites! It misses! It bites! It bites! You try to feel what is lying here on the floor. You feel here a pair of low boots (for sale, 6 zorkmids). "For you, honored sir; only 6 zorkmids for this pair of low boots." You have a little trouble lifting A - a pair of low boots (unpaid, 6 zorkmids). It bites! You die... Akureyri takes all your possessions. Do you want to see what you had when you died? [ynq] (y) y Do you want to see your attributes? [ynq] (y) y Do you want an account of creatures vanquished? [ynaq] (y) y Do you want to see your conduct and achievements? [ynq] (y) q Inventory: Amulets I - a cursed amulet of strangulation Weapons p - 9 +0 darts F - 6 cursed +0 darts s - 9 +0 daggers C - a cursed -1 orcish dagger a - the blessed rustproof +1 Excalibur (weapon in hand) Armor d - an uncursed +0 helmet (being worn) f - an uncursed +0 pair of leather gloves (being worn) A - an uncursed +0 pair of low boots e - an uncursed +0 small shield (being worn) c - an uncursed +1 ring mail (being worn) Comestibles g - an uncursed apple h - 11 uncursed carrots E - an uncursed food ration q - a cursed food ration o - an uncursed tripe ration x - a cursed tripe ration Scrolls Q - an uncursed scroll of confuse monster L - an uncursed scroll of create monster X - a cursed scroll of identify P - an uncursed scroll of light v - an uncursed scroll of taming Spellbooks i - an uncursed spellbook of detect food w - an uncursed spellbook of detect food N - an uncursed spellbook of drain life Potions j - an uncursed potion of blindness t - 2 uncursed potions of extra healing Z - an uncursed potion of fruit juice D - an uncursed potion of full healing y - a blessed potion of levitation r - an uncursed potion of object detection R - 3 uncursed potions of see invisible Rings n - an uncursed ring of protection from shape changers m - a cursed ring of teleportation Wands G - a wand of cold named leer (0:0) z - a wand of create monster (0:11) H - a wand of create monster (0:10) K - a wand of probing (0:6) Tools u - an uncursed brass lantern (lit) l - an uncursed skeleton key Kontroller the Knight's attributes: Background: You were a Bachelor, a level 7 male human Knight. You were lawful, on a mission for Lugh who was opposed by Brigit (neutral) and Manannan Mac Lir (chaotic). You were in the Gnomish Mines, on level 6. You entered the dungeon 4472 turns ago. It was nighttime. You had 1274 experience points, 6 more were needed to attain level 8. Your score was 5466 before end-of-game adjustments. Basics: You had 0 out of 49 hit points. You had all 44 energy points (spell power). Your armor class was 3. Your wallet was empty. Autopickup was off. Final Characteristics: Your strength was 16 (limit:18/100). Your dexterity was 11 (limit:18). Your constitution was 13 (limit:18). Your intelligence was 13 (limit:18). Your wisdom was 15 (limit:18). Your charisma was 17 (limit:18). Final Status: You were temporarily blind. You were not hungry. You were burdened; movement was slightly slowed. You were wielding a long sword. You had basic skill with long sword and could have enhanced that. Final Attributes: You were piously aligned. You were level-drain resistant. You had automatic searching. You could jump. You were warded. You were fast. You were unlucky. Lugh was angry with you. You are dead. Miscellaneous: You never encountered a bones level. Total elapsed playing time was 1 hour, 4 minutes and 7 seconds. Major events: Turn 1: Kontroller the lawful male human Knight entered the dungeon 370: entered the Gnomish Mines 1039: attained the rank of Esquire (level 3) 2369: received Excalibur from a strange woman laying about in a pond 2747: attained the rank of Bachelor (level 6) 4369: reached Mine Town 4472: killed by a raven Vanquished creatures: 3 wolves 2 brown puddings 2 dust vortices a gnome mummy a snake 3 Woodland-elves a wood nymph a water nymph 6 Mordor orcs an orc shaman a rock piercer a pony a fog cloud a yellow light a shrieker 7 gnome leaders 2 gnomish wizards a giant ant a little dog a floating eye 4 dwarves a homunculus 12 hill orcs 3 rothes a giant bat 2 monkeys 6 iguanas an acid blob a gas spore a large kobold 2 hobgoblins a giant rat 2 red molds 27 gnomes 2 gnome zombies 3 geckos 5 jackals a kobold 2 goblins 2 sewer rats 8 grid bugs 2 lichens 3 kobold zombies 3 newts 133 creatures vanquished. No species were genocided or became extinct. Voluntary challenges: You read items or engraved 8 times. You never engraved Elbereth. You never genocided any monsters. You never polymorphed an object. You never changed form. You used no wishes. Achievements: You entered the Gnomish Mines. You attained the rank of Esquire. You attained the rank of Bachelor. You entered Minetown. You entered a shop. The Dungeons of Doom: levels 1 to 8 Level 1: Level 2: A fountain. Stairs down to The Gnomish Mines. Level 3: Level 4: Level 5: Level 6: A fountain. Level 7: A fountain. Level 8: The Gnomish Mines: levels 3 to 6 Level 3: Level 4: Level 5: "saddle" Level 6: <- You were here. Many shops, an altar, some fountains. Final resting place for you, killed by a raven. Game over: ---------- / \ / REST \ / IN \ / PEACE \ / \ | Kontroller | | 0 Au | | killed by a | | raven | | | | | | 2022 | *| * * * | * _________)/\\_//(\/(/\)/\//\/|_)_______ Fare thee well Kontroller the Knight... You died in The Gnomish Mines on dungeon level 6 with 5466 points, and 0 pieces of gold, after 4472 moves. You were level 7 with a maximum of 49 hit points when you died.